Rangers vs Penguins
(R1)
Created - May 6, 2018 at 23:07
Goals
|
| Rangers |
0 |
1 |
3 |
4 |
| Penguins |
1 |
1 |
0 |
2 |
|
Shots
|
| Rangers |
7 |
4 |
13 |
24 |
| Penguins |
9 |
7 |
10 |
26 |
|
1st period
1. Penguins , Max Pacioretty 1 (Duncan Keith 1, Sean Zimmerman 1) at 19:25
Penalties :
Sean Couturier (NYR) for High sticking (Minor) at 1:38, Radim Vrbata (Pit) for Roughing (Double Minor) at 7:34, Riley Armstrong (Pit) for Roughing (Minor) at 14:20
2nd period
2. Rangers , Patrice Bergeron 1 (James Neal 1) at 0:10
3. Penguins , Andrew Cogliano 1 (Steven Stamkos 1) at 6:45 (PP)
Penalties :
Keith Aulie (Pit) for Interference (Minor) at 1:29, Matt Greene (NYR) for Slashing (Minor) at 6:43, Matt Greene (NYR) for Hooking (Minor) at 8:25, Radim Vrbata (Pit) for Hooking (Minor) at 12:55
3rd period
4. Rangers , James Neal 1 (Milan Lucic 1, Patrice Bergeron 1) at 0:52 (PP)
5. Rangers , Mike Cammalleri 1 (Matt Greene 1, Patrice Bergeron 2) at 1:59
6. Rangers , Patrice Bergeron 2 (James Neal 2, Milan Lucic 2) at 7:03
Penalties :
Sergei Samsonov (Pit) for Tripping (Minor) at 0:49, Paul Ranger (Pit) for Holding (Minor) at 8:31, Sam Gagner (Pit) for Boarding (Minor) at 16:51
Goalie Stats
Henrik Lundqvist (NYR), 24 saves from 26 shots - (0.923), W, 1-0-0, 60:00 minutes
Brian Elliott (Pit), 13 saves from 17 shots - (0.765), L, 0-1-0, 47:03 minutes
Josh Tordjman (Pit), 7 saves from 7 shots - (1.000), 12:57 minutes
Players Stats for Rangers
Player Name G A P +/- PIM S H SB GA TA FO MP PP MP PK MP
------------------------------------------------------------------------------------
Alex Tanguay 0 0 0 0 0 0 2 1 1 0 0/1 19:01 8:03 0:52
Alexei Emelin 0 0 0 1 0 0 1 0 0 0 0/0 11:52 0:31 0:43
Cam Barker 0 0 0 0 0 2 2 2 0 1 0/0 27:01 7:38 2:27
Darren Reid 0 0 0 0 0 0 1 0 2 0 0/2 11:55 0:56 0:00
Jakob Silfverberg 0 0 0 1 0 0 2 0 0 0 0/0 17:18 5:59 1:04
James Neal 1 2 3 1 0 5 4 0 0 0 0/0 22:19 7:07 2:04
Mark Fistric 0 0 0 0 0 0 2 1 0 1 0/0 24:45 5:23 2:27
Matt Greene 0 1 1 1 4 2 2 1 0 2 0/0 20:41 5:23 0:50
Matt Read 0 0 0 0 0 1 0 1 0 0 0/0 8:51 0:35 0:00
Mike Cammalleri 1 0 1 1 0 3 0 0 0 0 0/0 16:37 5:59 0:00
Milan Lucic 0 2 2 1 0 4 1 1 1 0 1/5 22:26 7:04 2:04
Nathan Gerbe 0 0 0 0 0 1 0 0 0 1 0/0 8:29 0:49 0:00
Patrice Bergeron 2 2 4 1 0 2 0 0 0 1 19/38 21:41 7:09 1:25
Ryan Suter 0 0 0 1 0 0 0 0 0 0 0/0 15:41 0:00 1:33
Sean Couturier 0 0 0 0 2 0 0 0 0 0 3/4 8:34 0:14 0:22
Staffan Kronwall 0 0 0 1 0 1 1 1 0 1 0/0 11:40 0:56 0:00
Stephen Weiss 0 0 0 1 0 3 1 0 0 0 1/5 16:25 5:59 0:09
Valtteri Filppula 0 0 0 0 0 0 1 0 0 0 2/6 10:41 0:00 0:00
Players Stats for Penguins
Player Name G A P +/- PIM S H SB GA TA FO MP PP MP PK MP
------------------------------------------------------------------------------------
Andrew Cogliano 1 0 1 -1 0 1 0 1 0 0 1/2 21:37 2:05 5:37
Bobby Ryan 0 0 0 -1 0 3 1 1 1 0 1/2 22:46 2:05 7:01
D.J King 0 0 0 0 0 1 0 0 0 0 1/1 7:28 0:00 1:11
Derek Joslin 0 0 0 0 0 1 1 0 2 0 0/0 13:06 0:00 2:06
Dominic Moore 0 0 0 0 0 0 1 0 0 2 3/5 9:02 0:00 0:05
Duncan Keith 0 1 1 -1 0 1 2 3 1 0 0/0 28:23 1:44 7:26
Eric Gryba 0 0 0 0 0 1 1 0 0 0 0/0 10:43 0:00 0:11
Keith Aulie 0 0 0 -1 2 0 1 0 0 0 0/0 20:19 2:16 5:23
Max Pacioretty 1 0 1 -1 0 1 3 1 0 0 1/1 17:16 1:55 3:06
Paul Ranger 0 0 0 -1 2 0 0 0 0 0 0/0 19:49 2:16 5:13
Radim Vrbata 0 0 0 0 6 1 3 1 0 1 0/0 12:40 0:00 2:29
Riley Armstrong 0 0 0 0 2 0 1 0 0 0 1/1 6:39 0:00 0:00
Ryan Callahan 0 0 0 0 0 3 2 0 0 0 0/0 6:17 0:00 0:00
Sam Gagner 0 0 0 -1 2 2 3 0 0 0 9/15 15:19 1:55 1:12
Sean Zimmerman 0 1 1 -1 0 2 2 2 1 0 0/0 28:09 1:44 7:35
Sergei Samsonov 0 0 0 0 2 1 0 1 0 1 0/1 8:55 0:00 0:00
Steve Downie 0 0 0 -1 0 2 1 3 0 0 0/1 14:07 1:55 0:00
Steven Stamkos 0 1 1 -1 0 6 3 0 2 0 18/32 23:21 2:05 7:13
3 Stars
1 - Patrice Bergeron (NYR)
2 - James Neal (NYR)
3 - Milan Lucic (NYR)
Power Play
Rangers - 1 on 8 Attempt(s) - 12.50%
Penguins - 1 on 3 Attempt(s) - 33.33%
Penalty Kill
Rangers - 2 on 3 Attempt(s) - 66.67%
- Score 0 goal in Penalty Kill
Penguins - 7 on 8 Attempt(s) - 87.50%
- Score 0 goal in Penalty Kill
Team Stat
Rangers - Hits : 20 - Faceoff Wins : 26 - Blocked Shots : 8 - Penalty Minutes : 6
Penguins - Hits : 25 - Faceoff Wins : 35 - Blocked Shots : 13 - Penalty Minutes : 16
Official
Referees : Hasenfratz Mike and McCauley Wes
Linesman : Mark Pare and Ryan Galloway
Game Notes
Josh Tordjman enters game at 7:03 of 3rd period
Finance
Level 1 -- Attendance: 6000 (100.00%) -- Ticket Income $492,000
Level 2 -- Attendance: 5000 (100.00%) -- Ticket Income $225,000
Level 3 -- Attendance: 2000 (100.00%) -- Ticket Income $66,000
Level 4 -- Attendance: 4000 (100.00%) -- Ticket Income $100,000
Luxury Box -- Attendance: 1000 (100.00%) -- Ticket Income $160,000
Game was played at the Igloo.
Total Attendance: 18000 (100.00%)
Total Ticket Income: $1,043,000
Other Income: $156,450
Total Income: $1,199,450
Rangers
5 vs 5 Forward
Center Left Wing Right Wing Time % Phy DF OF
1 Patrice Bergeron Milan Lucic James Neal 40 1 2 2
2 Stephen Weiss Mike Cammalleri Jakob Silfverberg 30 1 2 2
3 Valtteri Filppula Alex Tanguay Darren Reid 20 1 2 2
4 Sean Couturier Nathan Gerbe Matt Read 10 1 2 2
5 vs 5 Defense
Defense Defense Time % Phy DF OF
1 Cam Barker Mark Fistric 40 1 2 2
2 Matt Greene Ryan Suter 30 1 2 2
3 Staffan Kronwall Alexei Emelin 20 1 2 2
4 Cam Barker Mark Fistric 10 1 2 2
PowerPlay Forward
Center Left Wing Right Wing Time % Phy DF OF
1 Patrice Bergeron Milan Lucic James Neal 60 1 2 2
2 Stephen Weiss Mike Cammalleri Jakob Silfverberg 40 1 2 2
PowerPlay Defense
Defense Defense Time % Phy DF OF
1 Cam Barker Alex Tanguay 60 1 2 2
2 Matt Greene Mark Fistric 40 1 2 2
Penalty Kill 4 Players Forward
Center Wing Time % Phy DF OF
1 Milan Lucic James Neal 60 1 2 2
2 Patrice Bergeron Jakob Silfverberg 40 1 2 2
Penalty Kill 4 Players Defense
Defense Defense Time % Phy DF OF
1 Cam Barker Mark Fistric 60 1 2 2
2 Matt Greene Ryan Suter 40 1 2 2
Penalty Kill - 3 Players Forward
Forward Time % Phy DF OF
1 Milan Lucic 60 1 2 2
2 Patrice Bergeron 40 1 2 2
Penalty Kill - 3 Players Defense
Defense Defense Time % Phy DF OF
1 Cam Barker Mark Fistric 60 1 2 2
2 Matt Greene Ryan Suter 40 1 2 2
4 vs 4 Forward
Center Wing Time % Phy DF OF
1 Milan Lucic James Neal 60 1 2 2
2 Jakob Silfverberg Mike Cammalleri 40 1 2 2
4 vs 4 Defense
Defense Defense Time % Phy DF OF
1 Cam Barker Mark Fistric 60 1 2 2
2 Matt Greene Ryan Suter 40 1 2 2
Last Minutes Offensive
Center Left Wing Right Wing Defense Defense
Patrice Bergeron Milan Lucic James Neal Cam Barker Mark Fistric
Last Minutes Defensive
Center Left Wing Right Wing Defense Defense
Patrice Bergeron Milan Lucic James Neal Cam Barker Mark Fistric
Goaltenders
Starting : Henrik Lundqvist
Backup : Braden Holtby
Extra Forwards
Normal : Alex Tanguay, Darren Reid, Matt Read - PP : Alex Tanguay, Darren Reid - PK : Patrice Bergeron
Extra Defensemen
Normal : Staffan Kronwall, Alexei Emelin, Matt Greene - PP : Staffan Kronwall - PK : Alexei Emelin, Matt Greene
Penalty Shots
Milan Lucic, James Neal, Jakob Silfverberg, Patrice Bergeron, Stephen Weiss
Scratches
None
Penguins
5 vs 5 Forward
Center Left Wing Right Wing Time % Phy DF OF
1 Steven Stamkos Andrew Cogliano Bobby Ryan 40 1 2 2
2 Sam Gagner Max Pacioretty Steve Downie 30 1 2 2
3 Dominic Moore Sergei Samsonov Radim Vrbata 20 1 2 2
4 Riley Armstrong D.J King Ryan Callahan 10 1 2 2
5 vs 5 Defense
Defense Defense Time % Phy DF OF
1 Duncan Keith Sean Zimmerman 44 1 2 2
2 Paul Ranger Keith Aulie 33 1 2 2
3 Derek Joslin Eric Gryba 23 1 2 2
4 Duncan Keith Sean Zimmerman 0 1 2 2
PowerPlay Forward
Center Left Wing Right Wing Time % Phy DF OF
1 Steven Stamkos Andrew Cogliano Bobby Ryan 60 1 2 2
2 Sam Gagner Max Pacioretty Steve Downie 40 1 2 2
PowerPlay Defense
Defense Defense Time % Phy DF OF
1 Duncan Keith Sean Zimmerman 60 1 2 2
2 Paul Ranger Keith Aulie 40 1 2 2
Penalty Kill 4 Players Forward
Center Wing Time % Phy DF OF
1 Steven Stamkos Bobby Ryan 60 1 2 2
2 Andrew Cogliano Radim Vrbata 40 1 2 2
Penalty Kill 4 Players Defense
Defense Defense Time % Phy DF OF
1 Duncan Keith Sean Zimmerman 60 1 2 2
2 Paul Ranger Keith Aulie 40 1 2 2
Penalty Kill - 3 Players Forward
Forward Time % Phy DF OF
1 Steven Stamkos 60 1 2 2
2 Bobby Ryan 40 1 2 2
Penalty Kill - 3 Players Defense
Defense Defense Time % Phy DF OF
1 Duncan Keith Sean Zimmerman 60 1 2 2
2 Paul Ranger Keith Aulie 40 1 2 2
4 vs 4 Forward
Center Wing Time % Phy DF OF
1 Steven Stamkos Bobby Ryan 60 1 2 2
2 Andrew Cogliano Radim Vrbata 40 1 2 2
4 vs 4 Defense
Defense Defense Time % Phy DF OF
1 Duncan Keith Sean Zimmerman 60 1 2 2
2 Paul Ranger Keith Aulie 40 1 2 2
Last Minutes Offensive
Center Left Wing Right Wing Defense Defense
Steven Stamkos Andrew Cogliano Bobby Ryan Duncan Keith Sean Zimmerman
Last Minutes Defensive
Center Left Wing Right Wing Defense Defense
Steven Stamkos Andrew Cogliano Bobby Ryan Duncan Keith Sean Zimmerman
Goaltenders
Starting : Brian Elliott
Backup : Josh Tordjman
Extra Forwards
Normal : Steve Downie, Sam Gagner, Max Pacioretty - PP : Steve Downie, Sam Gagner - PK : Max Pacioretty
Extra Defensemen
Normal : Paul Ranger, Eric Gryba, Duncan Keith - PP : Paul Ranger - PK : Sean Zimmerman, Duncan Keith
Penalty Shots
Steven Stamkos, Bobby Ryan, Andrew Cogliano, Radim Vrbata, Steve Downie
Scratches
Dion Phaneuf (Sprained Left Knee Injury)
% Time on Ice - Rangers
Lines # - Real PCT - Wanted PCT - Time Play
Normal Forward
1 - 31% - 40% - 13:10
2 - 25% - 30% - 10:32
3 - 25% - 20% - 10:41
4 - 18% - 10% - 7:40
Normal Defense
1 - 40% - 40% - 16:53
2 - 36% - 30% - 14:57
3 - 24% - 20% - 10:10
4 - 0% - 10% - 0:03
PP Forward
1 - 55% - 60% - 7:44
2 - 45% - 40% - 6:13
PP Defense
1 - 61% - 60% - 8:34
2 - 39% - 40% - 5:23
PK Forward
1 - 73% - 60% - 2:56
2 - 27% - 40% - 1:04
PK Defense
1 - 61% - 60% - 2:27
2 - 39% - 40% - 1:33
PK3 Forward
1 - 0% - 60%
2 - 0% - 40%
PK3 Defense
1 - 0% - 60%
2 - 0% - 40%
44 Forward
1 - 0% - 60%
2 - 0% - 40%
44 Defense
1 - 0% - 60%
2 - 0% - 40%
Last Minute Offensive - 0:00
Last Minute Defensive - 0:00
Total
Forward - 60:00
Defense - 60:00
|
% Time on Ice - Penguins
Lines # - Real PCT - Wanted PCT - Time Play
Normal Forward
1 - 33% - 40% - 14:04
2 - 30% - 30% - 12:46
3 - 21% - 20% - 8:56
4 - 15% - 10% - 6:17
Normal Defense
1 - 46% - 44% - 19:18
2 - 29% - 33% - 12:16
3 - 25% - 23% - 10:29
4 - 0% - 0% - 0:00
PP Forward
1 - 52% - 60% - 2:05
2 - 48% - 40% - 1:55
PP Defense
1 - 43% - 60% - 1:44
2 - 57% - 40% - 2:16
PK Forward
1 - 67% - 60% - 9:24
2 - 33% - 40% - 4:33
PK Defense
1 - 55% - 60% - 7:43
2 - 45% - 40% - 6:14
PK3 Forward
1 - 0% - 60%
2 - 0% - 40%
PK3 Defense
1 - 0% - 60%
2 - 0% - 40%
44 Forward
1 - 0% - 60%
2 - 0% - 40%
44 Defense
1 - 0% - 60%
2 - 0% - 40%
Last Minute Offensive - 0:00
Last Minute Defensive - 0:00
Total
Forward - 60:00
Defense - 60:00
|
Play by Play
1st period
0:01 of 1st period - Patrice Bergeron wins face-off versus Steven Stamkos in neutral zone.
0:37 of 1st period - Icing by Sean Zimmerman.
0:38 of 1st period - Sam Gagner wins face-off versus Valtteri Filppula in Penguins zone.
1:03 of 1st period - Sean Zimmerman is hit by Milan Lucic.
1:13 of 1st period - Snap shot by Milan Lucic.
1:13 of 1st period - Shot Hit the Post.
1:29 of 1st period - Snap shot by Max Pacioretty.
1:29 of 1st period - Shot Misses the Net.
1:31 of 1st period - Snap shot by Duncan Keith.
1:31 of 1st period - Shot Blocked by Staffan Kronwall.
1:33 of 1st period - Snap shot by Sergei Samsonov.
1:33 of 1st period - Stopped by Henrik Lundqvist with a rebound.
1:35 of 1st period - Slapshot by Sean Zimmerman.
1:35 of 1st period - Stopped by Henrik Lundqvist without a rebound.
1:36 of 1st period - Sean Couturier wins face-off versus Steven Stamkos in Rangers zone.
1:38 of 1st period - Minor Penalty to Sean Couturier for High sticking.
1:39 of 1st period - Steven Stamkos wins face-off versus Milan Lucic in Rangers zone.
3:38 of 1st period - Penalty to Sean Couturier is over, Sean Couturier is back on ice.
4:05 of 1st period - Alex Tanguay is hit by Riley Armstrong and loses puck.
5:02 of 1st period - Wrist shot by Alex Tanguay.
5:02 of 1st period - Deflect By Darren Reid.
5:02 of 1st period - Shot Blocked by Sean Zimmerman.
5:02 of 1st period - Puck is out of play.
5:03 of 1st period - Steven Stamkos wins face-off versus Patrice Bergeron in Penguins zone.
5:03 of 1st period - Steven Stamkos is hit by Matt Greene.
5:08 of 1st period - Off-side.
5:09 of 1st period - Andrew Cogliano wins face-off versus Patrice Bergeron in neutral zone.
5:39 of 1st period - Backhand shot by Jakob Silfverberg.
5:39 of 1st period - Shot Blocked by Steve Downie.
6:00 of 1st period - Slapshot by Cam Barker.
6:00 of 1st period - Shot Misses the Net.
6:31 of 1st period - Off-side.
6:32 of 1st period - Stephen Weiss wins face-off versus Sam Gagner in neutral zone.
6:37 of 1st period - Snap shot by Jakob Silfverberg.
6:37 of 1st period - Shot Misses the Net.
6:39 of 1st period - Snap shot by Jakob Silfverberg.
6:39 of 1st period - Shot Misses the Net.
6:41 of 1st period - Slapshot by Mike Cammalleri.
6:41 of 1st period - Shot Blocked by Steve Downie.
6:43 of 1st period - Slapshot by Matt Greene.
6:43 of 1st period - Stopped by Brian Elliott with a rebound.
6:45 of 1st period - Snap shot by Matt Greene.
6:45 of 1st period - Stopped by Brian Elliott with a rebound.
7:34 of 1st period - Double Minor Penalty to Radim Vrbata for Roughing.
7:35 of 1st period - Patrice Bergeron wins face-off versus Bobby Ryan in Penguins zone.
8:50 of 1st period - Bobby Ryan is hit by James Neal and loses puck.
9:24 of 1st period - Keith Aulie is hit by Stephen Weiss and loses puck.
9:58 of 1st period - Matt Greene is hit by Sean Zimmerman and loses puck.
10:25 of 1st period - Sean Zimmerman is hit by Alex Tanguay and loses puck.
11:34 of 1st period - Penalty to Radim Vrbata is over, Radim Vrbata is back on ice.
11:49 of 1st period - Sergei Samsonov is hit by Alexei Emelin and loses puck.
12:00 of 1st period - Darren Reid is hit by Ryan Callahan and loses puck.
12:23 of 1st period - Steve Downie is hit by Staffan Kronwall and loses puck.
12:50 of 1st period - Stephen Weiss is hit by Steven Stamkos and loses puck.
13:07 of 1st period - Matt Read is hit by Eric Gryba and loses puck.
13:32 of 1st period - Stephen Weiss is hit by Max Pacioretty and loses puck.
13:53 of 1st period - Sean Couturier is hit by Bobby Ryan and loses puck.
14:20 of 1st period - Minor Penalty to Riley Armstrong for Roughing.
14:21 of 1st period - Steven Stamkos wins face-off versus Patrice Bergeron in Penguins zone.
14:32 of 1st period - Wrist shot by Alex Tanguay.
14:32 of 1st period - Shot Misses the Net.
14:34 of 1st period - Slapshot by Milan Lucic.
14:34 of 1st period - Shot Misses the Net.
14:50 of 1st period - Wrist shot by Mike Cammalleri.
14:50 of 1st period - Stopped by Brian Elliott with a rebound.
16:20 of 1st period - Penalty to Riley Armstrong is over, Riley Armstrong is back on ice.
16:42 of 1st period - Snap shot by Steven Stamkos.
16:42 of 1st period - Deflect By Alex Tanguay.
16:42 of 1st period - Stopped by Henrik Lundqvist without a rebound.
16:43 of 1st period - Sam Gagner wins face-off versus Valtteri Filppula in Rangers zone.
16:44 of 1st period - Snap shot by Steve Downie.
16:44 of 1st period - Stopped by Henrik Lundqvist with a rebound.
17:06 of 1st period - Nathan Gerbe is hit by Radim Vrbata and loses puck.
17:15 of 1st period - Snap shot by Nathan Gerbe.
17:15 of 1st period - Stopped by Brian Elliott without a rebound.
17:16 of 1st period - Sam Gagner wins face-off versus Patrice Bergeron in Penguins zone.
17:16 of 1st period - Sam Gagner is hit by James Neal.
17:47 of 1st period - Wrist shot by Cam Barker.
17:47 of 1st period - Stopped by Brian Elliott with a rebound.
18:03 of 1st period - Snap shot by Steven Stamkos.
18:03 of 1st period - Stopped by Henrik Lundqvist without a rebound.
18:04 of 1st period - Valtteri Filppula wins face-off versus Steven Stamkos in Rangers zone.
18:29 of 1st period - Andrew Cogliano is hit by Darren Reid.
18:39 of 1st period - Slapshot by Bobby Ryan.
18:39 of 1st period - Shot Misses the Net.
19:00 of 1st period - Snap shot by Steven Stamkos.
19:00 of 1st period - Stopped by Henrik Lundqvist with a rebound.
19:02 of 1st period - Slapshot by Steven Stamkos.
19:02 of 1st period - Stopped by Henrik Lundqvist with a rebound.
19:04 of 1st period - Slapshot by Andrew Cogliano.
19:04 of 1st period - Shot Misses the Net.
19:06 of 1st period - Slapshot by Andrew Cogliano.
19:06 of 1st period - Shot Blocked by Alex Tanguay.
19:08 of 1st period - Snap shot by Bobby Ryan.
19:08 of 1st period - Stopped by Henrik Lundqvist with a rebound.
19:10 of 1st period - Wrist shot by Andrew Cogliano.
19:10 of 1st period - Deflect By Matt Greene.
19:10 of 1st period - Shot Misses the Net.
19:10 of 1st period - Puck is out of play.
19:11 of 1st period - Patrice Bergeron wins face-off versus Sam Gagner in Rangers zone.
19:11 of 1st period - Patrice Bergeron is hit by Max Pacioretty.
19:23 of 1st period - Slapshot by Duncan Keith.
19:23 of 1st period - Shot Misses the Net.
19:25 of 1st period - Snap shot by Max Pacioretty.
19:25 of 1st period - Goal by Max Pacioretty - Rangers : 0 - Penguins : 1.
19:26 of 1st period - Sam Gagner wins face-off versus Patrice Bergeron in neutral zone.
19:32 of 1st period - Icing by Milan Lucic.
19:33 of 1st period - Sam Gagner wins face-off versus Milan Lucic in Rangers zone.
19:42 of 1st period - Snap shot by James Neal.
19:42 of 1st period - Stopped by Brian Elliott with a rebound.
19:46 of 1st period - Wrist shot by James Neal.
19:46 of 1st period - Stopped by Brian Elliott without a rebound.
19:47 of 1st period - Steven Stamkos wins face-off versus Patrice Bergeron in Penguins zone.
Goals for this period are 0 for Rangers vs 1 for Penguins.
Shots for this period are 7 for Rangers vs 9 for Penguins.
2nd period
0:01 of 2nd period - Patrice Bergeron wins face-off versus Steven Stamkos in neutral zone.
0:04 of 2nd period - Wrist shot by James Neal.
0:04 of 2nd period - Shot Misses the Net.
0:06 of 2nd period - Snap shot by Patrice Bergeron.
0:06 of 2nd period - Shot Blocked by Sean Zimmerman.
0:08 of 2nd period - Wrist shot by James Neal.
0:08 of 2nd period - Shot Blocked by Duncan Keith.
0:10 of 2nd period - Snap shot by Patrice Bergeron.
0:10 of 2nd period - Goal by Patrice Bergeron - Rangers : 1 - Penguins : 1.
0:11 of 2nd period - Steven Stamkos wins face-off versus Patrice Bergeron in neutral zone.
0:26 of 2nd period - Snap shot by Steven Stamkos.
0:26 of 2nd period - Shot Misses the Net.
0:28 of 2nd period - Wrist shot by Andrew Cogliano.
0:28 of 2nd period - Deflect By Steven Stamkos.
0:28 of 2nd period - Stopped by Henrik Lundqvist with a rebound.
1:29 of 2nd period - Minor Penalty to Keith Aulie for Interference.
1:30 of 2nd period - Patrice Bergeron wins face-off versus Steven Stamkos in Penguins zone.
1:30 of 2nd period - Snap shot by James Neal.
1:30 of 2nd period - Shot Blocked by Bobby Ryan.
2:03 of 2nd period - Backhand shot by Stephen Weiss.
2:03 of 2nd period - Stopped by Brian Elliott without a rebound.
2:04 of 2nd period - Steven Stamkos wins face-off versus Patrice Bergeron in Penguins zone.
2:35 of 2nd period - Slapshot by Stephen Weiss.
2:35 of 2nd period - Shot Misses the Net.
2:37 of 2nd period - Slapshot by Stephen Weiss.
2:37 of 2nd period - Stopped by Brian Elliott with a rebound.
3:29 of 2nd period - Penalty to Keith Aulie is over, Keith Aulie is back on ice.
3:51 of 2nd period - Snap shot by Andrew Cogliano.
3:51 of 2nd period - Deflect By Radim Vrbata.
3:51 of 2nd period - Shot Misses the Net.
3:51 of 2nd period - Puck is out of play.
3:52 of 2nd period - Sam Gagner wins face-off versus Sean Couturier in Rangers zone.
3:55 of 2nd period - Wrist shot by Steve Downie.
3:55 of 2nd period - Deflect By Sam Gagner.
3:55 of 2nd period - Stopped by Henrik Lundqvist without a rebound.
3:56 of 2nd period - Sean Couturier wins face-off versus Sam Gagner in Rangers zone.
3:56 of 2nd period - Sean Couturier is hit by Sam Gagner.
4:50 of 2nd period - Snap shot by Radim Vrbata.
4:50 of 2nd period - Stopped by Henrik Lundqvist with a rebound.
5:13 of 2nd period - Snap shot by Sam Gagner.
5:13 of 2nd period - Stopped by Henrik Lundqvist without a rebound.
5:14 of 2nd period - Sam Gagner wins face-off versus Patrice Bergeron in Rangers zone.
6:43 of 2nd period - Minor Penalty to Matt Greene for Slashing.
6:44 of 2nd period - Steven Stamkos wins face-off versus Milan Lucic in Rangers zone.
6:45 of 2nd period - Wrist shot by Andrew Cogliano.
6:45 of 2nd period - Goal by Andrew Cogliano - Rangers : 1 - Penguins : 2.
6:46 of 2nd period - Bobby Ryan wins face-off versus Patrice Bergeron in neutral zone.
6:48 of 2nd period - Duncan Keith is hit by Mark Fistric.
7:37 of 2nd period - Alex Tanguay is hit by Dominic Moore and loses puck.
7:58 of 2nd period - Slapshot by Riley Armstrong.
7:58 of 2nd period - Shot Blocked by Milan Lucic.
8:10 of 2nd period - Wrist shot by Matt Read.
8:10 of 2nd period - Shot Misses the Net.
8:25 of 2nd period - Minor Penalty to Matt Greene for Hooking.
8:26 of 2nd period - Steven Stamkos wins face-off versus Milan Lucic in Rangers zone.
8:53 of 2nd period - Mark Fistric is hit by Sam Gagner and loses puck.
9:00 of 2nd period - Snap shot by Steve Downie.
9:00 of 2nd period - Stopped by Henrik Lundqvist with a rebound.
9:02 of 2nd period - Slapshot by Paul Ranger.
9:02 of 2nd period - Shot Blocked by Cam Barker.
9:54 of 2nd period - Ryan Suter is hit by Max Pacioretty and loses puck.
10:25 of 2nd period - Penalty to Matt Greene is over, Matt Greene is back on ice.
10:31 of 2nd period - Alexei Emelin is hit by Radim Vrbata and loses puck.
11:22 of 2nd period - Slapshot by Matt Greene.
11:22 of 2nd period - Shot Misses the Net.
11:34 of 2nd period - D.J King is hit by Mark Fistric and loses puck.
12:55 of 2nd period - Minor Penalty to Radim Vrbata for Hooking.
12:56 of 2nd period - Steven Stamkos wins face-off versus Patrice Bergeron in Penguins zone.
14:55 of 2nd period - Penalty to Radim Vrbata is over, Radim Vrbata is back on ice.
15:00 of 2nd period - Steven Stamkos is hit by Matt Greene.
15:10 of 2nd period - Slapshot by Bobby Ryan.
15:10 of 2nd period - Stopped by Henrik Lundqvist with a rebound.
16:58 of 2nd period - Darren Reid is hit by Ryan Callahan and loses puck.
17:11 of 2nd period - Steve Downie is hit by Cam Barker and loses puck.
18:15 of 2nd period - Alex Tanguay is hit by Sean Zimmerman and loses puck.
18:38 of 2nd period - Eric Gryba is hit by Jakob Silfverberg.
18:48 of 2nd period - Cam Barker is hit by Steven Stamkos and loses puck.
19:07 of 2nd period - Ryan Callahan is hit by Cam Barker and loses puck.
19:17 of 2nd period - Icing by Mark Fistric.
19:18 of 2nd period - Patrice Bergeron wins face-off versus Dominic Moore in Rangers zone.
19:31 of 2nd period - James Neal is hit by Duncan Keith and loses puck.
19:46 of 2nd period - Snap shot by Matt Greene.
19:46 of 2nd period - Shot Blocked by Sergei Samsonov.
19:48 of 2nd period - Wrist shot by Mike Cammalleri.
19:48 of 2nd period - Stopped by Brian Elliott without a rebound.
19:49 of 2nd period - Steven Stamkos wins face-off versus Stephen Weiss in Penguins zone.
19:55 of 2nd period - Off-side.
19:56 of 2nd period - Patrice Bergeron wins face-off versus Andrew Cogliano in neutral zone.
19:58 of 2nd period - Off-side.
19:59 of 2nd period - Steven Stamkos wins face-off versus Patrice Bergeron in neutral zone.
Goals for this period are 1 for Rangers vs 1 for Penguins.
Shots for this period are 4 for Rangers vs 7 for Penguins.
3rd period
0:01 of 3rd period - Patrice Bergeron wins face-off versus Steven Stamkos in neutral zone.
0:46 of 3rd period - Off-side.
0:47 of 3rd period - Dominic Moore wins face-off versus Alex Tanguay in neutral zone.
0:49 of 3rd period - Minor Penalty to Sergei Samsonov for Tripping.
0:50 of 3rd period - Patrice Bergeron wins face-off versus Steven Stamkos in Penguins zone.
0:52 of 3rd period - Snap shot by James Neal.
0:52 of 3rd period - Goal by James Neal - Rangers : 2 - Penguins : 2.
0:53 of 3rd period - Patrice Bergeron wins face-off versus Steven Stamkos in neutral zone.
1:02 of 3rd period - Snap shot by Patrice Bergeron.
1:02 of 3rd period - Shot Misses the Net.
1:15 of 3rd period - Icing by Sean Zimmerman.
1:16 of 3rd period - Sam Gagner wins face-off versus Stephen Weiss in Penguins zone.
1:24 of 3rd period - Off-side.
1:25 of 3rd period - Steven Stamkos wins face-off versus Patrice Bergeron in neutral zone.
1:55 of 3rd period - Snap shot by Patrice Bergeron.
1:55 of 3rd period - Shot Blocked by Duncan Keith.
1:57 of 3rd period - Slapshot by Matt Greene.
1:57 of 3rd period - Shot Blocked by Duncan Keith.
1:59 of 3rd period - Slapshot by Mike Cammalleri.
1:59 of 3rd period - Goal by Mike Cammalleri - Rangers : 3 - Penguins : 2.
2:00 of 3rd period - Milan Lucic wins face-off versus Steven Stamkos in neutral zone.
2:36 of 3rd period - Slapshot by Duncan Keith.
2:36 of 3rd period - Shot Misses the Net.
2:38 of 3rd period - Wrist shot by Andrew Cogliano.
2:38 of 3rd period - Shot Misses the Net.
2:40 of 3rd period - Slapshot by Duncan Keith.
2:40 of 3rd period - Stopped by Henrik Lundqvist with a rebound.
2:42 of 3rd period - Snap shot by Andrew Cogliano.
2:42 of 3rd period - Deflect By Bobby Ryan.
2:42 of 3rd period - Stopped by Henrik Lundqvist with a rebound.
2:44 of 3rd period - Slapshot by Duncan Keith.
2:44 of 3rd period - Shot Blocked by Matt Greene.
3:16 of 3rd period - Alex Tanguay is hit by Steven Stamkos and loses puck.
3:37 of 3rd period - Slapshot by Steven Stamkos.
3:37 of 3rd period - Stopped by Henrik Lundqvist with a rebound.
3:42 of 3rd period - Icing by Valtteri Filppula.
3:43 of 3rd period - Valtteri Filppula wins face-off versus Steve Downie in Rangers zone.
4:02 of 3rd period - Off-side.
4:03 of 3rd period - Dominic Moore wins face-off versus Patrice Bergeron in neutral zone.
4:07 of 3rd period - Icing by Cam Barker.
4:08 of 3rd period - Patrice Bergeron wins face-off versus Sergei Samsonov in Rangers zone.
4:24 of 3rd period - Slapshot by Milan Lucic.
4:24 of 3rd period - Stopped by Brian Elliott with a rebound.
5:05 of 3rd period - Snap shot by Riley Armstrong.
5:05 of 3rd period - Shot Misses the Net.
5:07 of 3rd period - Slapshot by Eric Gryba.
5:07 of 3rd period - Deflect By Riley Armstrong.
5:07 of 3rd period - Shot Blocked by Matt Read.
5:07 of 3rd period - Puck is out of play.
5:08 of 3rd period - Sam Gagner wins face-off versus Patrice Bergeron in Rangers zone.
5:21 of 3rd period - Wrist shot by Milan Lucic.
5:21 of 3rd period - Stopped by Brian Elliott without a rebound.
5:22 of 3rd period - Patrice Bergeron wins face-off versus Steven Stamkos in Penguins zone.
5:23 of 3rd period - Snap shot by Milan Lucic.
5:23 of 3rd period - Deflect By James Neal.
5:23 of 3rd period - Shot Misses the Net.
5:23 of 3rd period - Puck is out of play.
5:24 of 3rd period - Steven Stamkos wins face-off versus Patrice Bergeron in Penguins zone.
5:55 of 3rd period - Wrist shot by Valtteri Filppula.
5:55 of 3rd period - Shot Misses the Net.
6:41 of 3rd period - Slapshot by Steven Stamkos.
6:41 of 3rd period - Shot Misses the Net.
6:43 of 3rd period - Slapshot by Sean Zimmerman.
6:43 of 3rd period - Shot Blocked by Cam Barker.
6:45 of 3rd period - Snap shot by Duncan Keith.
6:45 of 3rd period - Shot Blocked by Mark Fistric.
6:47 of 3rd period - Slapshot by Sean Zimmerman.
6:47 of 3rd period - Stopped by Henrik Lundqvist without a rebound.
6:48 of 3rd period - Patrice Bergeron wins face-off versus Sam Gagner in Rangers zone.
6:55 of 3rd period - Slapshot by Milan Lucic.
6:55 of 3rd period - Stopped by Brian Elliott without a rebound.
6:56 of 3rd period - Patrice Bergeron wins face-off versus Sam Gagner in Penguins zone.
7:03 of 3rd period - Snap shot by James Neal.
7:03 of 3rd period - Deflect By Patrice Bergeron.
7:03 of 3rd period - Goal by Patrice Bergeron - Rangers : 4 - Penguins : 2.
7:03 of 3rd period - Josh Tordjman enters game.
7:04 of 3rd period - Max Pacioretty wins face-off versus Patrice Bergeron in neutral zone.
7:07 of 3rd period - Patrice Bergeron is hit by Sam Gagner.
7:29 of 3rd period - Wrist shot by Riley Armstrong.
7:29 of 3rd period - Deflect By Ryan Callahan.
7:29 of 3rd period - Stopped by Henrik Lundqvist with a rebound.
8:12 of 3rd period - Mike Cammalleri is hit by Derek Joslin and loses puck.
8:25 of 3rd period - Snap shot by Jakob Silfverberg.
8:25 of 3rd period - Shot Misses the Net.
8:27 of 3rd period - Slapshot by Stephen Weiss.
8:27 of 3rd period - Stopped by Josh Tordjman without a rebound.
8:28 of 3rd period - Steven Stamkos wins face-off versus Valtteri Filppula in Penguins zone.
8:28 of 3rd period - Steven Stamkos is hit by Alex Tanguay.
8:31 of 3rd period - Minor Penalty to Paul Ranger for Holding.
8:32 of 3rd period - Patrice Bergeron wins face-off versus Steven Stamkos in Penguins zone.
8:34 of 3rd period - Backhand shot by James Neal.
8:34 of 3rd period - Stopped by Josh Tordjman without a rebound.
8:35 of 3rd period - Patrice Bergeron wins face-off versus Steven Stamkos in Penguins zone.
8:46 of 3rd period - Snap shot by Milan Lucic.
8:46 of 3rd period - Shot Misses the Net.
8:48 of 3rd period - Wrist shot by Patrice Bergeron.
8:48 of 3rd period - Shot Misses the Net.
8:50 of 3rd period - Slapshot by Cam Barker.
8:50 of 3rd period - Deflect By Duncan Keith.
8:50 of 3rd period - Stopped by Josh Tordjman with a rebound.
9:38 of 3rd period - Bobby Ryan is hit by Jakob Silfverberg and loses puck.
9:51 of 3rd period - James Neal is hit by Radim Vrbata and loses puck.
10:15 of 3rd period - Icing by Cam Barker.
10:16 of 3rd period - Steven Stamkos wins face-off versus Stephen Weiss in Rangers zone.
10:25 of 3rd period - Steven Stamkos is hit by James Neal and loses puck.
10:31 of 3rd period - Penalty to Paul Ranger is over, Paul Ranger is back on ice.
10:50 of 3rd period - Matt Greene is hit by Steve Downie and loses puck.
12:15 of 3rd period - Off-side.
12:16 of 3rd period - Patrice Bergeron wins face-off versus Steven Stamkos in neutral zone.
12:41 of 3rd period - Slapshot by Jakob Silfverberg.
12:41 of 3rd period - Shot Misses the Net.
13:01 of 3rd period - Sean Zimmerman is hit by Valtteri Filppula and loses puck.
13:38 of 3rd period - Ryan Suter is hit by Keith Aulie.
13:42 of 3rd period - Snap shot by Matt Read.
13:42 of 3rd period - Stopped by Josh Tordjman without a rebound.
13:43 of 3rd period - Sean Couturier wins face-off versus Sam Gagner in Penguins zone.
14:15 of 3rd period - Snap shot by Milan Lucic.
14:15 of 3rd period - Stopped by Josh Tordjman with a rebound.
14:17 of 3rd period - Slapshot by Mark Fistric.
14:17 of 3rd period - Shot Blocked by Andrew Cogliano.
14:19 of 3rd period - Wrist shot by James Neal.
14:19 of 3rd period - Stopped by Josh Tordjman with a rebound.
14:21 of 3rd period - Wrist shot by James Neal.
14:21 of 3rd period - Shot Misses the Net.
14:23 of 3rd period - Snap shot by Patrice Bergeron.
14:23 of 3rd period - Shot Misses the Net.
14:25 of 3rd period - Slapshot by Mark Fistric.
14:25 of 3rd period - Shot Misses the Net.
14:32 of 3rd period - Icing by Derek Joslin.
14:33 of 3rd period - Steven Stamkos wins face-off versus Stephen Weiss in Penguins zone.
14:48 of 3rd period - Off-side.
14:49 of 3rd period - Steven Stamkos wins face-off versus Patrice Bergeron in neutral zone.
14:53 of 3rd period - Off-side.
14:54 of 3rd period - Steven Stamkos wins face-off versus Patrice Bergeron in neutral zone.
15:06 of 3rd period - Off-side.
15:07 of 3rd period - Patrice Bergeron wins face-off versus Dominic Moore in neutral zone.
15:22 of 3rd period - Sergei Samsonov is hit by James Neal and loses puck.
16:39 of 3rd period - Snap shot by Milan Lucic.
16:39 of 3rd period - Shot Blocked by Max Pacioretty.
16:41 of 3rd period - Backhand shot by Alexei Emelin.
16:41 of 3rd period - Shot Blocked by Steve Downie.
16:43 of 3rd period - Snap shot by Staffan Kronwall.
16:43 of 3rd period - Stopped by Josh Tordjman with a rebound.
16:51 of 3rd period - Minor Penalty to Sam Gagner for Boarding.
16:52 of 3rd period - Patrice Bergeron wins face-off versus Steven Stamkos in Penguins zone.
16:53 of 3rd period - Snap shot by James Neal.
16:53 of 3rd period - Shot Misses the Net.
16:55 of 3rd period - Snap shot by Milan Lucic.
16:55 of 3rd period - Shot Misses the Net.
17:27 of 3rd period - Snap shot by Stephen Weiss.
17:27 of 3rd period - Shot Blocked by Radim Vrbata.
18:51 of 3rd period - Penalty to Sam Gagner is over, Sam Gagner is back on ice.
18:55 of 3rd period - Snap shot by Ryan Callahan.
18:55 of 3rd period - Stopped by Henrik Lundqvist without a rebound.
18:56 of 3rd period - D.J King wins face-off versus Darren Reid in Rangers zone.
18:57 of 3rd period - Snap shot by Riley Armstrong.
18:57 of 3rd period - Shot Misses the Net.
18:59 of 3rd period - Snap shot by D.J King.
18:59 of 3rd period - Stopped by Henrik Lundqvist without a rebound.
19:00 of 3rd period - Riley Armstrong wins face-off versus Darren Reid in Rangers zone.
19:01 of 3rd period - Wrist shot by Ryan Callahan.
19:01 of 3rd period - Shot Misses the Net.
19:03 of 3rd period - Slapshot by Derek Joslin.
19:03 of 3rd period - Stopped by Henrik Lundqvist with a rebound.
19:05 of 3rd period - Wrist shot by Ryan Callahan.
19:05 of 3rd period - Shot Misses the Net.
19:07 of 3rd period - Wrist shot by Ryan Callahan.
19:07 of 3rd period - Stopped by Henrik Lundqvist with a rebound.
19:09 of 3rd period - Slapshot by Eric Gryba.
19:09 of 3rd period - Stopped by Henrik Lundqvist without a rebound.
19:10 of 3rd period - Dominic Moore wins face-off versus Valtteri Filppula in Rangers zone.
19:46 of 3rd period - Jakob Silfverberg is hit by Duncan Keith and loses puck.
Goals for this period are 3 for Rangers vs 0 for Penguins.
Shots for this period are 13 for Rangers vs 10 for Penguins.
Back to the Top